 Dungeon Crawl Stone Soup version 0.23-b1-84-g6588a6b (webtiles) character file.

Game seed: 7817661520150639260

423898 Faca the Executioner (level 22, -9/239 HPs)
             Began as a Minotaur Berserker on Feb 10, 2019.
             Was the Champion of Trog.
             Killed from afar by a deep troll earth mage (13 damage)
             ... with a blast of rock fragments
             ... on level 4 of the Depths.
             The game lasted 03:29:56 (48491 turns).

Faca the Executioner (Minotaur Berserker)          Turns: 48491, Time: 03:29:56

Health: -9/239     AC: 27    Str: 32    XL:     22   Next: 70%
Magic:  2/12       EV: 22    Int:  4    God:    Trog [******]
Gold:   3898       SH:  0    Dex: 18    Spells: 21/21 levels left

rFire    . . .     SeeInvis .   F - +7 battleaxe (freeze)
rCold    . . .     Gourm    .   (shield currently unavailable)
rNeg     + + .     Faith    .   u - +3 chain mail {MR+}
rPois    .         Spirit   .   o - +0 hat "Kamitz" {rN++ MR+}
rElec    +         Reflect  .   n - +0 cloak
rCorr    .         Harm     .   W - +2 pair of gloves
MR       +++++                  x - +0 pair of boots {Fly}
Stlth    ..........             z - amulet of Vitality {Regen+ HP+15}
HPRegen  1.89/turn              s - +2 ring of slaying
MPRegen  0.13/turn              C - ring of Division {rElec MR+ MP-9 AC+2 Dex+3}

@: mighty, about to teleport, engulfed (cannot breathe), very slightly
contaminated, regenerating, lightly drained
A: retaliatory headbutt, horns 2
}: 2/15 runes: decaying, serpentine
a: Berserk, Trog's Hand, Brothers in Arms, Renounce Religion, Evoke Flight


You were on level 4 of the Depths.
You worshipped Trog.
Trog was exalted by your worship.
You were very hungry.

You visited 8 branches of the dungeon, and saw 40 of its levels.
You also visited: Gauntlet.

You collected 4551 gold pieces.
You spent 653 gold pieces at shops.

Inventory:

Hand Weapons
 D - a +0 morningstar of protection
 F - a +7 battleaxe of freezing (weapon)
 K - a +5 vampiric executioner's axe
 O - a +9 executioner's axe of freezing
Missiles
 b - a throwing net
 v - 5 javelins of penetration
 E - 14 javelins of returning
 G - 20 poisoned javelins (quivered)
 M - 20 steel javelins
Armour
 n - a +0 cloak (worn)
 o - the +0 hat "Kamitz" (worn) {rN++ MR+}
   (You acquired it on level 3 of the Vaults)

   It greatly protects you from negative energy.
   It affects your resistance to hostile enchantments.
 u - a +3 chain mail of magic resistance (worn)
 x - a +0 pair of boots of flying (worn)
 W - a +2 pair of gloves (worn)
Jewellery
 s - a +2 ring of slaying (left hand)
 w - the ring of Light {Fire Dex+3}
   (You found it on level 2 of the Depths)

   [ring of fire]

   It enhances your fire magic.
   It affects your dexterity (+3).
   It protects you from fire.
   It makes you vulnerable to cold.
 y - the ring of Youthful Indiscretion {rC+ rN+}
   (You found it on level 2 of the Depths)

   [ring of protection from cold]

   It protects you from cold.
   It protects you from negative energy.
 z - the amulet of Vitality (around neck) {Regen+ HP+15}
   (You found it in a Gauntlet)

   [amulet of regeneration]

   It affects your health (+15).
   It increases your rate of regeneration.
 A - an uncursed ring of see invisible
 C - the ring of Division (right hand) {rElec MR+ MP-9 AC+2 Dex+3}
   (You bought it in a shop on level 5 of the Dungeon)

   [ring of protection]

   It affects your AC (+2).
   It affects your dexterity (+3).
   It insulates you from electricity.
   It affects your resistance to hostile enchantments.
   It affects your magic capacity (-9).
 H - a +3 ring of protection
Wands
 l - a wand of clouds (8)
 R - a wand of digging (9)
Scrolls
 e - 11 scrolls of teleportation
 g - 5 scrolls of fear
 i - 4 scrolls of fog
 k - 11 scrolls of remove curse
 p - a scroll of summoning
 q - 2 scrolls of blinking
 r - 6 scrolls of enchant armour
 t - 2 scrolls of identify
 P - 6 scrolls of magic mapping
 Q - a scroll of brand weapon
 T - 3 scrolls of holy word
Potions
 a - 4 potions of lignification
 d - 3 potions of agility
 f - 5 potions of haste
 h - 6 potions of might
 m - 18 potions of brilliance
 B - 4 potions of mutation
 I - 2 potions of invisibility
 J - 4 potions of cancellation
 L - 6 potions of curing
 S - a potion of resistance
 U - a potion of ambrosia
Comestibles
 c - 28 rations


   Skills:
 + Level 24.6(24.5) Fighting
 + Level 24.6 Axes
 + Level 15.2 Throwing
 - Level 18.4 Armour
 - Level 17.1 Dodging


You had 21 spell levels left.
You didn't know any spells.
Your spell library was empty.

Dungeon Overview and Level Annotations

Branches:
Dungeon (15/15)            Temple (1/1) D:5            Lair (6/6) D:9
  Swamp (4/4) Lair:2        Snake (4/4) Lair:3          Orc (2/2) D:12
    Elf (0/3) Orc:2        Vaults (4/5) D:13          Crypt (0/3) Vaults:3
 Depths (4/5) D:15
  Slime: Lair:5-6

Altars:
Ashenzari
Cheibriados
Dithmenos
Elyvilon
Fedhas
Gozag
Kikubaaqudgha
Makhleb
Nemelex Xobeh
Okawaru
Ru
Wu Jian

Shops:
D:5 =   D:14 [   Orc:2 (%*[   Snake:1 *   Snake:2 *   Snake:3 ?   Depths:3 :*

Portals:
Hell: Depths:1 Depths:2 Depths:3 Depths:4
Abyss: Depths:4
Pandemonium: Depths:3
Ziggurat: Depths:1

Annotations:
Lair:5 exclusion: 3 oklob plants
Swamp:3 Lernaean hydra
Depths:3 3 runed translucent doors, Rassilon's ghost, veteran VSBe; silenth's ghost, adept MiBe


Innate Abilities, Weirdness & Mutations

You reflexively headbutt those who attack you in melee.
You have a pair of horns on your head.


Message History

The yaktaur moves out of view.
As you read the scroll of teleportation, it crumbles to dust.
You feel strangely unstable.
The water elemental completely misses you.
Your skin crawls.
You feel resistant to hostile enchantments.
You are feeling very hungry.
The water elemental hits you.
* * * LOW HITPOINT WARNING * * *
The water elemental engulfs you in water!
The water elemental completely misses you.
You slash the water elemental! You freeze the water elemental.
The water elemental is heavily damaged.
You slice the water elemental!! You freeze the water elemental.
* * * LOW HITPOINT WARNING * * *
Your lungs strain for air!
The water elemental completely misses you.
The deep troll earth mage points at you and mumbles some strange words.
The wall shatters!
The blast of rock fragments hits you!
You die...

..T..,#....................,*
.........................##**
...,.#....T.....∩...,,,,,,,,*
,,,,,#.......[O....,*,,,,,,,*
*,*,*#.............,**,,,,,,*
p,,,.............##***,******
..,,.............# *,*****
..,,,,,,,......E.# *,,,,,*
..,,,,,,,......E@# *,,,,,*
≈≈≈,≈≈≈≈≈≈≈≈≈≈...# *,,,,,*
**≈,≈≈≈≈≈≈≈≈≈≈≈≈≈#** *,,,,,*
,*≈,≈****#≈≈≈≈≈≈≈≈≈***,,,,,*
,',,,+,,,#≈≈≈≈≈≈≈≈≈≈**,,,***
**≈,≈*,,,#≈≈≈≈≈≈≈≈≈≈**,*****
≈≈≈,≈****#≈≈≈≈≈≈≈≈≈≈**,,,,,*
≈≈≈,≈≈≈≈≈≈≈≈≈≈≈≈≈≈≈≈≈*,,,,,*
,,,,,,,,,,,,,,,,,*≈≈≈*,,,,,*


You could see a two-headed ogre, a deep troll earth mage and 2 water elementals.

Vanquished Creatures
  Mara (Vaults:4)
  A juggernaut (Depths:2)
  Saint Roka (Depths:2)
  2 golden dragons (Depths:3)
  Nikola (Snake:3)
  4 tentacled monstrosities
  4 liches
  A titan (Depths:2)
  Asterion (Snake:3)
  Frances (D:13)
  An ancient champion (Vaults:3)
  Agnes (Snake:3)
  3 thorn hunters
  3 storm dragons
  A shadow dragon (Depths:1)
  10 fire giants
  6 nagarajas
  Roxanne (D:15)
  7 vault wardens
  8 frost giants
  An orc warlord (Orc:2)
  The ghost of Kuralita the Martial Artist, a journeyman OpTm of Makhleb (D:15)
  2 ghouls
  A war gargoyle (Vaults:1)
  2 spriggan defenders
  17 very ugly things
  11 ironheart preservers
  Nessos (D:15)
  12 stone giants
  4 entropy weavers
  3 vampire knights
  Azrael (Orc:2)
  2 spark wasps (Depths:2)
  2 deep elf annihilators (Vaults:1)
  2 minotaurs
  Snorg (Lair:5)
  8 fire dragons
  16 ettins
  4 deep elf death magi
  9 yaktaur captains
  5 ice dragons
  Josephine (Lair:5)
  12 vault guards
  9 great orbs of eyes
  3 rakshasas
  Erolcha (Orc:2)
  The ghost of BecksGhost the Basher, a journeyman GrFi of Qazlal (Orc:1)
  26 hydras
  12 naga warriors
  2 shambling mangroves
  7 centaur warriors
  A ghost crab (Swamp:2)
  12 anacondas
  42 two-headed ogres
  18 ogre magi
  8 death knights
  10 deep troll shamans
  A deep troll earth mage (Depths:2)
  15 alligators
  5 vampire magi
  5 death yaks
  3 spriggan berserkers
  23 naga sharpshooters
  7 shock serpents
  9 deep elf knights
  2 iron trolls (Depths:2)
  6 hell knights
  A soul eater (Depths:1)
  Sonja (Orc:2)
  3 spriggans (Swamp:3)
  A salamander mystic (Snake:4)
  4 shadow wraiths
  An unseen horror (D:15)
  9 skeletal warriors
  A spriggan druid (Swamp:3)
  3 glowing orange brains
  9 deep trolls
  14 swamp dragons
  7 wizards
  6 phantasmal warriors
  A flayed ghost (Depths:1)
  4 deep elf archers
  6 naga ritualists
  A lindwurm (D:13)
  6 necromancers
  5 mana vipers
  A wolf spider zombie (D:15)
  A stone giant zombie (Vaults:4)
  12 ironbrand convokers
  23 orc knights
  20 deep elf magi
  8 cyclopes
  2 wolf spiders
  2 manticores
  57 ugly things
  A stone giant skeleton (Vaults:4)
  A manticore (shapeshifter) (Vaults:1)
  9 salamanders
  2 orc sorcerers
  A shining eye (shapeshifter) (D:15)
  2 guardian serpents
  21 naga magi
  30 black mambas
  An eye of devastation (Vaults:1)
  A torpor snail (Lair:1)
  12 vault sentinels
  3 gargoyles
  10 elephants
  A torpor snail (shapeshifter) (D:15)
  38 spiny frogs
  19 yaktaurs
  2 redback zombies
  A small abomination (Vaults:1)
  A rime drake (Lair:4)
  5 freezing wraiths
  9 komodo dragons
  A human zombie (Vaults:4)
  A spectral two-headed ogre (Orc:1)
  A queen bee (shapeshifter) (Vaults:2)
  A merfolk (D:14)
  A jumping spider (Gauntlet)
  A polar bear (Lair:4)
  11 trolls
  A raiju (shapeshifter) (Vaults:4)
  19 tyrant leeches
  34 slime creatures
  16 hornets
  16 blink frogs
  3 ettin zombies (Vaults:4)
  7 dream sheep (Lair:6)
  6 hippogriffs
  3 bog bodies
  A meliai zombie (D:14)
  A fire dragon zombie (Depths:1)
  A tarantella (shapeshifter) (Depths:1)
  5 shadows
  A redback (Gauntlet)
  2 wyverns
  2 water elementals (Depths:4)
  A fire elemental (Orc:2)
  A human (shapeshifter) (Vaults:2)
  11 wraiths
  43 yaks
  8 basilisks
  5 hungry ghosts
  A steam dragon (D:8)
  14 vampire mosquitoes
  A tengu zombie (Depths:1)
  11 insubstantial wisps
  45 nagas
  9 wargs
  2 acid dragons
  A deep troll skeleton (Vaults:4)
  20 swamp worms
  11 water moccasins
  2 floating eyes (Depths:2)
  6 hell hounds (Orc:2)
  5 porcupines
  5 ice beasts
  21 swamp drakes
  2 black bears (D:12)
  2 phantoms
  48 orc warriors
  5 sky beasts
  A spectral troll (Orc:1)
  3 eyes of draining
  55 ogres
  3 necrophages
  13 wolves
  6 boggarts
  16 centaurs
  8 crocodiles
  2 big kobolds
  28 bullfrogs
  2 human skeletons (Vaults:4)
  A wyvern zombie (D:11)
  A deep troll simulacrum (Vaults:2)
  2 scorpions
  10 wights
  A human simulacrum (Vaults:4)
  11 killer bees
  A spectral ogre (Orc:1)
  3 electric eels
  3 crimson imps
  3 centaur zombies
  A quasit (D:15)
  7 centaur skeletons
  6 hounds
  6 jellies
  15 orc priests
  3 bullfrog skeletons
  4 iguanas
  Jessica (D:2)
  20 orc wizards
  A warg simulacrum (Orc:1)
  A spectral orc (Orc:1)
  9 worker ants
  Robin (D:3)
  2 howler monkey skeletons
  5 adders
  A shadow imp (D:5)
  12 white imps (Lair:3)
  3 oozes
  An orc simulacrum (Orc:1)
  4 worms
  A dart slug (D:4)
  4 leopard geckos
  96 orcs
  2 ball pythons (D:6)
  10 giant cockroaches
  11 goblins
  10 hobgoblins
  19 kobolds
  5 quokkas
  4 bats
  4 frilled lizards
  A jackal skeleton (D:8)
  A leopard gecko zombie (D:6)
  4 rats
  4 briar patches
  A crawling corpse (Depths:1)
  3 fungi
  2 plants
1656 creatures vanquished.

Vanquished Creatures (collateral kills)
  A spriggan air mage (Depths:4)
  A naga mage (Snake:4)
  A hornet (Depths:4)
  A spriggan (Depths:4)
4 creatures vanquished.

Vanquished Creatures (others)
  A fire giant (Depths:2)
  A skeletal warrior (Depths:1)
  A deep elf mage (Depths:2)
  A tyrant leech (Swamp:2)
  A warg (Depths:2)
  4 briar patches
  16 fungi
  36 plants
  11 withered plants (Gauntlet)
72 creatures vanquished.

Grand Total: 1732 creatures vanquished

Notes
Turn   | Place    | Note
-------+----------+-------------------------------------------
     0 | D:1      | Faca the Minotaur Berserker began the quest for the Orb.
     0 | D:1      | Reached XP level 1. HP: 19/19 MP: 0/0
   319 | D:1      | Found an iron altar of Okawaru.
   329 | D:1      | Reached XP level 2. HP: 20/27 MP: 1/1
   878 | D:2      | Found an ornate altar of the Wu Jian Council.
  1058 | D:2      | Reached XP level 3. HP: 34/34 MP: 2/2
  1063 | D:2      | Noticed Jessica
  1070 | D:2      | Killed Jessica
  1129 | D:2      | Reached skill level 5 in Fighting
  1129 | D:2      | Reached skill level 5 in Axes
  1129 | D:2      | Reached XP level 4. HP: 40/42 MP: 3/3
  1142 | D:2      | Reached ** piety under Trog
  1327 | D:3      | Reached XP level 5. HP: 24/49 MP: 4/4
  1569 | D:3      | Found a burning altar of Makhleb.
  1687 | D:3      | Identified the +1 helmet of the Ladybird {rPois MR+}
  1687 | D:3      | Noticed Robin
  1712 | D:3      | Reached *** piety under Trog
  1724 | D:3      | Killed Robin
  1839 | D:3      | Reached XP level 6. HP: 12/58 MP: 5/5
  2710 | D:4      | Found a shadowy altar of Dithmenos.
  2713 | D:4      | Found a snail-covered altar of Cheibriados.
  2730 | D:4      | Found a shattered altar of Ashenzari.
  2742 | D:4      | Found an opulent altar of Gozag.
  3062 | D:4      | Reached skill level 10 in Fighting
  3062 | D:4      | Reached skill level 10 in Axes
  3062 | D:4      | Reached XP level 7. HP: 72/72 MP: 6/6
  3098 | D:5      | Entered Level 5 of the Dungeon
  3358 | D:5      | Found a staircase to the Ecumenical Temple.
  3364 | D:5      | Found Ammeggev's Jewellery Emporium.
  3372 | Temple   | Entered the Ecumenical Temple
  3388 | D:5      | Bought a cursed ring of attention for 58 gold pieces
  3573 | D:5      | Reached XP level 8. HP: 61/79 MP: 7/7
  3667 | D:5      | Found a sparkling altar of Nemelex Xobeh.
  4726 | D:7      | Found a white marble altar of Elyvilon.
  5314 | D:8      | Reached **** piety under Trog
  5500 | D:8      | Reached XP level 9. HP: 81/86 MP: 8/8
  6828 | D:9      | Noticed a two-headed ogre
  6834 | D:9      | Killed a two-headed ogre
  6834 | D:9      | Reached XP level 10. HP: 96/96 MP: 9/9
  7078 | D:9      | Found a staircase to the Lair.
  7709 | D:5      | Bought the ring of Division {rElec MR+ MP-9 AC+2 Dex+3} for
                  | 221 gold pieces
  7824 | D:10     | Entered Level 10 of the Dungeon
  7937 | D:10     | Noticed a two-headed ogre
  7951 | D:10     | Killed a two-headed ogre
  8228 | D:10     | Noticed a wizard
  8228 | D:10     | Noticed a cyclops
  8256 | D:10     | Killed a wizard
  8266 | D:10     | Killed a cyclops
  8391 | D:10     | Reached XP level 11. HP: 89/104 MP: 1/10
  8899 | D:11     | Reached skill level 10 in Armour
  9279 | D:11     | Reached ***** piety under Trog
  9550 | D:11     | Noticed a cyan ugly thing
  9566 | D:11     | Killed a cyan ugly thing
  9570 | D:11     | Noticed a red ugly thing
  9579 | D:11     | Killed a red ugly thing
  9610 | D:11     | Noticed a two-headed ogre
  9628 | D:11     | Killed a two-headed ogre
  9972 | D:11     | Noticed a death knight
  9991 | D:11     | Killed a death knight
  9992 | D:11     | Reached skill level 10 in Dodging
 10757 | D:12     | Noticed a two-headed ogre
 10785 | D:12     | Killed a two-headed ogre
 10885 | D:12     | Found a staircase to the Orcish Mines.
 10895 | D:12     | Reached XP level 12. HP: 115/115 MP: 2/11
 10898 | D:12     | You fall through a shaft!
 10942 | D:12     | Found a burning altar of Makhleb.
 11006 | D:12     | Noticed a six-headed hydra
 11019 | D:12     | Killed a six-headed hydra
 11488 | Lair:1   | Entered Level 1 of the Lair of Beasts
 11852 | Lair:1   | Received a gift from Trog
 12990 | Lair:2   | Noticed a five-headed hydra
 13003 | Lair:2   | Killed a five-headed hydra
 13191 | Lair:2   | Reached XP level 13. HP: 115/125 MP: 3/12
 13711 | Lair:2   | Found a staircase to the Swamp.
 14106 | Lair:3   | Found a frozen archway.
 14222 | Lair:3   | Found a staircase to the Snake Pit.
 14299 | Lair:3   | Found a gate leading to a gauntlet.
 14304 | Gauntlet | Entered a Gauntlet
 14304 | Gauntlet | Found a transporter.
 14304 | Gauntlet | Found a transporter.
 14304 | Gauntlet | Found a transporter.
 14327 | Gauntlet | Found a transporter.
 14337 | Gauntlet | Found a transporter.
 14341 | Gauntlet | Found a transporter.
 14356 | Gauntlet | Found a transporter.
 14374 | Gauntlet | Found a transporter.
 14374 | Gauntlet | Noticed an entropy weaver
 14377 | Gauntlet | Found the amulet of Vitality {Regen+ HP+15}
 14394 | Gauntlet | Found a transporter.
 14398 | Gauntlet | Found a transporter.
 14409 | Gauntlet | Found a transporter.
 14412 | Gauntlet | Found a transporter.
 14441 | Gauntlet | Received a gift from Trog
 14442 | Gauntlet | Got a faintly glowing hand axe {god gift}
 14443 | Gauntlet | Identified the +7 hand axe of Hospitality {drain, rF+ Int+4
                  | Stlth+} (Trog gifted it to you in a Gauntlet)
 14516 | Gauntlet | Killed an entropy weaver
 14696 | Gauntlet | Noticed a minotaur
 14702 | Gauntlet | Killed a minotaur
 14732 | Lair:3   | Reached skill level 15 in Fighting
 14745 | Lair:3   | Reached skill level 15 in Axes
 16543 | Lair:5   | Reached XP level 14. HP: 122/135 MP: 4/13
 16627 | Lair:5   | Noticed Snorg
 16641 | Lair:5   | Killed Snorg
 16857 | Lair:5   | Noticed Josephine
 16871 | Lair:5   | Killed Josephine
 16983 | Lair:6   | Entered Level 6 of the Lair of Beasts
 17120 | Lair:5   | Reached ****** piety under Trog
 17224 | Lair:5   | Received a gift from Trog
 18595 | Lair:6   | Identified the Guide on the Quantum Glacier
 19219 | Orc:1    | Entered Level 1 of the Orcish Mines
 19224 | Orc:1    | Received a gift from Trog
 19421 | Orc:1    | You fall through a shaft!
 19421 | Orc:2    | Entered Level 2 of the Orcish Mines
 19854 | Orc:1    | Found a runed translucent gate.
 19854 | Orc:1    | Found a runed translucent gate.
 19854 | Orc:1    | Found a runed translucent gate.
 19854 | Orc:1    | Noticed BecksGhost's ghost (journeyman GrFi)
 19949 | Orc:2    | Noticed Sonja
 19958 | Orc:2    | Killed Sonja
 19987 | Orc:2    | Noticed Erolcha
 20002 | Orc:2    | Reached skill level 15 in Armour
 20008 | Orc:2    | Reached XP level 15. HP: 108/145 MP: 5/14
 20127 | Orc:2    | Received a gift from Trog
 20328 | Orc:2    | Found Feomunira's Food Boutique.
 20328 | Orc:2    | Found Voos's Antique Armour Emporium.
 20330 | Orc:2    | Found Ruffag's Antique Weapon Shoppe.
 20330 | Orc:2    | Found Duocop's Assorted Antiques.
 20339 | Orc:2    | Bought a scroll labeled WAOFEN NESOETU for 20 gold pieces
 20339 | Orc:2    | Bought an opal ring for 100 gold pieces
 20340 | Orc:2    | Bought a translucent war axe for 221 gold pieces
 20356 | Orc:2    | Identified the cursed +2 war axe of Calculation {protect,
                  | *Corrode +Rage rN++ MP+9} (You bought it in a shop on level
                  | 2 of the Orcish Mines)
 20414 | Orc:2    | Received a gift from Trog
 20530 | Orc:2    | Noticed an orc warlord
 20551 | Orc:2    | Killed an orc warlord
 20561 | Orc:2    | Killed Erolcha
 20673 | Orc:2    | Found a staircase to the Elven Halls.
 20685 | Orc:2    | Noticed Azrael
 20755 | Orc:2    | Killed Azrael
 21084 | Orc:1    | Killed BecksGhost's ghost
 21497 | D:13     | Reached skill level 1 in Throwing
 21643 | D:13     | Found a gate to the Vaults.
 22108 | D:14     | Received a gift from Trog
 22180 | D:14     | Found Revihe's Armour Boutique.
 22192 | D:14     | Noticed Frances
 22212 | D:13     | Killed Frances
 22935 | Snake:1  | Entered Level 1 of the Snake Pit
 22944 | Snake:1  | Received a gift from Trog
 23085 | Snake:1  | Found Koagoik's Assorted Antiques.
 23095 | Snake:1  | Bought a scroll labeled QUVOSI MYQEELAPO for 33 gold pieces
 23319 | Snake:1  | Found a transporter.
 23320 | Snake:1  | Found a transporter.
 23344 | Snake:1  | Reached XP level 16. HP: 128/157 MP: 6/15
 23482 | Snake:1  | Reached skill level 5 in Throwing
 24192 | Snake:2  | Found Sistrypod's Assorted Antiques.
 24284 | Snake:2  | Got a heavily runed scale mail
 24295 | Snake:2  | Identified the cursed +1 scale mail of Lies {rF+ Str+4
                  | Dex+6} (You found it on level 2 of the Snake Pit)
 24822 | Snake:3  | Found Wakusi's Magic Scroll Shop.
 24895 | Snake:3  | Noticed Asterion
 24919 | Snake:3  | Killed Asterion
 25077 | Snake:3  | Received a gift from Trog
 25136 | Snake:3  | Noticed Nikola
 25156 | Snake:3  | Killed Nikola
 25558 | Snake:3  | Noticed Agnes
 25563 | Snake:3  | Killed Agnes
 25862 | Snake:4  | Entered Level 4 of the Snake Pit
 26689 | Snake:4  | Received a gift from Trog
 27038 | Snake:4  | Reached XP level 17. HP: 91/166 MP: 7/16
 27440 | Snake:4  | Received a gift from Trog
 28119 | Snake:4  | Got a serpentine rune of Zot
 28889 | Snake:1  | Got a heavily runed bone ring
 28891 | Snake:1  | Got a fine chain mail
 28927 | Snake:1  | Identified the +2 chain mail "Kiuseh Hao" {Str+4} (You
                  | found it on level 1 of the Snake Pit)
 28939 | Snake:1  | Identified the cursed ring "Hiajye" {EV-4 Str+2 Stlth+}
                  | (You found it on level 1 of the Snake Pit)
 29043 | Swamp:1  | Entered Level 1 of the Swamp
 29254 | Swamp:1  | Reached skill level 10 in Throwing
 29261 | Swamp:1  | Received a gift from Trog
 31677 | Swamp:3  | Reached skill level 15 in Dodging
 31780 | Swamp:3  | Reached XP level 18. HP: 172/178 MP: 8/17
 31849 | Swamp:3  | Received a gift from Trog
 32205 | Swamp:4  | Entered Level 4 of the Swamp
 33497 | Swamp:4  | Noticed the 27-headed Lernaean hydra
 34348 | Swamp:4  | Got a decaying rune of Zot
 34913 | D:14     | Received a gift from Trog
 34970 | D:15     | Entered Level 15 of the Dungeon
 35075 | D:15     | Found a shadowy altar of Dithmenos.
 35090 | D:15     | Identified Roxanne's Tome of Moulding
 35090 | D:15     | Noticed Roxanne
 35113 | D:15     | Found a staircase to the Depths.
 35252 | D:15     | Found a runed translucent gate.
 35253 | D:15     | Found a runed translucent gate.
 35254 | D:15     | Found a runed translucent gate.
 35281 | D:15     | Noticed Kuralita's ghost (journeyman OpTm)
 35331 | D:15     | Killed Kuralita's ghost
 35543 | D:15     | Noticed Nessos
 35575 | D:15     | Killed Nessos
 35932 | D:15     | Killed Roxanne
 36188 | Vaults:1 | Entered Level 1 of the Vaults
 36211 | Vaults:1 | Received a gift from Trog
 36228 | Vaults:1 | Received a gift from Trog
 36411 | Vaults:1 | Reached XP level 19. HP: 142/188 MP: 9/18
 37218 | Vaults:1 | Received a gift from Trog
 38269 | Vaults:1 | Received a gift from Trog
 38672 | Vaults:2 | Received a gift from Trog
 38673 | Vaults:2 | Got a crystal battleaxe {god gift}
 38674 | Vaults:2 | Identified the +0 battleaxe of Buisch {chop, Str-3 Int+3
                  | Dex+3} (Trog gifted it to you on level 2 of the Vaults)
 39352 | Vaults:2 | Received a gift from Trog
 39673 | Vaults:2 | Received a gift from Trog
 40089 | Vaults:3 | Found a staircase to the Crypt.
 40120 | Vaults:3 | Reached XP level 20. HP: 146/199 MP: 10/19
 40565 | Vaults:3 | Received a gift from Trog
 40751 | Vaults:3 | Identified a scroll of acquirement
 40752 | Vaults:3 | Got a bloodstained hat
 40758 | Vaults:3 | Identified the +0 hat "Kamitz" {rN++ MR+} (You acquired it
                  | on level 3 of the Vaults)
 40857 | Vaults:3 | Received a gift from Trog
 41729 | Vaults:4 | Noticed Mara
 42013 | Vaults:4 | Received a gift from Trog
 42044 | Vaults:4 | Received a gift from Trog
 42719 | Vaults:4 | Killed Mara
 43564 | Depths:1 | Entered Level 1 of the Depths
 43570 | Depths:1 | Received a gift from Trog
 43605 | Depths:1 | Found a gateway to a ziggurat.
 43630 | Depths:1 | Reached XP level 21. HP: 210/210 MP: 9/20
 44489 | Depths:1 | Received a gift from Trog
 44492 | Depths:1 | Noticed an ancient lich
 44638 | Depths:1 | Found a gateway to Hell.
 44816 | Depths:1 | Identified Kikubaaqudgha's Incunabulum of Necromancy
 45233 | Depths:2 | Found a sacrificial altar of Ru.
 45832 | Depths:2 | Identified the Compendium of the Frostbite
 45868 | Depths:2 | Found a sparkling altar of Nemelex Xobeh.
 45909 | Depths:2 | Paralysed by a floating eye for 4 turns
 46123 | Depths:2 | Received a gift from Trog
 46381 | Depths:2 | Found a blossoming altar of Fedhas.
 46399 | Depths:2 | Noticed a juggernaut
 46409 | Depths:2 | Killed a juggernaut
 46409 | Depths:2 | Reached XP level 22. HP: 222/222 MP: 12/21
 46567 | Depths:2 | Got a warped tin ring
 46568 | Depths:2 | Identified the ring of Youthful Indiscretion {rC+ rN+} (You
                  | found it on level 2 of the Depths)
 46712 | Depths:2 | Noticed Saint Roka
 46729 | Depths:2 | Killed Saint Roka
 46741 | Depths:2 | Got a fine platinum ring
 46742 | Depths:2 | Identified the ring of Light {Fire Dex+3} (You found it on
                  | level 2 of the Depths)
 46922 | Depths:2 | Received a gift from Trog
 46990 | Depths:2 | Got a brightly glowing turquoise ring
 47010 | Depths:2 | Identified the ring "Banuoll" {+Fly rElec} (You found it on
                  | level 2 of the Depths)
 47150 | Depths:3 | Found a one-way gate leading to the halls of Pandemonium.
 47165 | Depths:3 | Found a runed translucent gate.
 47166 | Depths:3 | Found a runed translucent gate.
 47166 | Depths:3 | Found an ancient bone altar of Kikubaaqudgha.
 47167 | Depths:3 | Found a runed translucent gate.
 47168 | Depths:3 | Noticed silenth's ghost (adept MiBe)
 47168 | Depths:3 | Noticed Rassilon's ghost (veteran VSBe)
 47168 | Depths:3 | Noticed an ancient lich
 47169 | Depths:3 | Noticed an ancient lich
 47169 | Depths:3 | Noticed an ancient lich
 47183 | Depths:3 | Found Unera's Book Boutique.
 47310 | Depths:3 | Noticed a golden dragon
 47312 | Depths:3 | Received a gift from Trog
 47434 | Depths:3 | Noticed a golden dragon
 47449 | Depths:3 | Killed a golden dragon
 47672 | Depths:3 | Killed a golden dragon
 48142 | Depths:3 | Found Jitaza Udug's General Store.
 48157 | Depths:3 | Received a gift from Trog
 48157 | Depths:3 | Reached skill level 15 in Throwing
 48465 | Depths:4 | Found a one-way gate to the infinite horrors of the Abyss.
 48482 | Depths:4 | HP: 6/239 [sphinx/divine providence (12)]
 48490 | Depths:4 | HP: 7/239 [water elemental (2)]
 48491 | Depths:4 | HP: 3/239 [drowned by a water elemental (4)]
 48491 | Depths:4 | Killed from afar by a deep troll earth mage

Skill      XL: |  1  2  3  4  5  6  7  8  9 10 11 12 13 14 15 16 17 18 19 20 21 22 |
---------------+-------------------------------------------------------------------+-----
Fighting       | 4 5 6 10 11 12 13 14 15 16 17 18 20 21 22 23 24 | 24.6
Axes           | 4 5 6 10 11 12 13 14 15 16 17 19 20 21 22 23 24 | 24.6
Armour         | 7 8 9 11 12 13 15 16 17 18 | 18.4
Dodging        | 7 8 9 10 11 12 14 15 16 17 | 17.1
Throwing       | 4 8 10 12 14 15 | 15.2

Action                   |  1- 3 |  4- 6 |  7- 9 | 10-12 | 13-15 | 16-18 | 19-21 | 22-24 || total
-------------------------+-------+-------+-------+-------+-------+-------+-------+-------++-------
Melee: Hand axe          |    51 |   174 |    22 |       |   113 |       |       |       ||   360
       Headbutt          |     7 |    32 |    38 |   136 |   264 |   358 |   465 |    70 ||  1370
       War axe           |       |       |   175 |   506 |       |       |       |       ||   681
       Battleaxe         |       |       |       |    40 |   753 |  1148 |  1362 |   204 ||  3507
       Morningstar       |       |       |       |     8 |   126 |    81 |       |       ||   215
Throw: Tomahawk          |       |       |     6 |       |     1 |     1 |       |       ||     8
       Throwing net      |       |       |       |       |       |       |     1 |       ||     1
       Javelin           |       |       |       |       |       |       |    12 |    11 ||    23
Invok: Berserk           |       |     1 |     1 |     3 |     7 |     2 |     1 |     1 ||    16
       Trog's Hand       |       |     1 |       |       |       |       |       |     1 ||     2
       Brothers in Arms  |       |       |       |       |       |     1 |       |     1 ||     2
 Abil: Stop Flying       |       |       |       |       |       |     2 |       |       ||     2
       Evoke Flight      |       |       |       |       |       |     1 |       |       ||     1
Evoke: Wand              |       |       |       |       |     2 |     1 |       |       ||     3
  Use: Potion            |       |     3 |       |     1 |     2 |     7 |     3 |     7 ||    23
       Scroll            |       |     9 |     6 |     6 |    19 |     7 |    15 |    13 ||    75
 Stab: Paralysed         |       |       |       |       |     1 |       |       |       ||     1
       Confused          |       |       |       |       |       |     1 |       |       ||     1
  Eat: Chunk             |     1 |     7 |     4 |     8 |     7 |     5 |     6 |     4 ||    42
       Ration            |       |       |     3 |     5 |    11 |    11 |     8 |     1 ||    39
Armor: Animal skin       |     5 |       |       |       |       |       |       |       ||     5
       Scale mail        |     7 |    80 |    14 |       |       |       |       |       ||   101
       Leather armour    |     1 |       |       |       |       |       |       |       ||     1
       Chain mail        |       |       |    82 |   319 |   588 |   697 |   399 |    96 ||  2181
Dodge: Dodged            |    26 |    88 |    92 |   403 |   945 |  1066 |   812 |   159 ||  3591
